 Dungeon Crawl Stone Soup version 0.28-a0-1404-g4df0f3684d (webtiles) character file.

Game seed: 13491818150974025306

317 flotson the Chopper (level 6, -6/47 HPs)
             Began as a Demonspawn Gladiator on Jan 6, 2022.
             Mangled by Pikel (20 damage)
             ... on level 4 of the Dungeon.
             The game lasted 00:03:20 (3192 turns).

flotson the Chopper (Demonspawn Gladiator)          Turns: 3192, Time: 00:03:21

Health: -6/47      AC:  7    Str: 16    XL:     6   Next: 20%
Magic:  6/6        EV: 12    Int: 10    God:
Gold:   120        SH:  0    Dex: 14    Spells: 5/5 levels left

rFire   + . .      SeeInvis .   a - +0 war axe
rCold   . . .      Faith    .   (no shield)
rNeg    . . .      Spirit   .   e - +0 ring mail
rPois   .          Reflect  .   g - +2 hat
rElec   .          Harm     .   (no cloak)
rCorr   .          Rampage  .   (no gloves)
Will    .....                   (no boots)
Stlth   +.........              j - amulet of regeneration
HPRegen 0.95/turn               o - ring of protection from fire
MPRegen 0.10/turn               (no ring)

@: no status effects
A: horns 2, condensation shield, weakness stinger 1, demonic touch 1
a: no special abilities


You were on level 4 of the Dungeon.
You visited 2 branches of the dungeon, and saw 5 of its levels.

You collected 120 gold pieces.

Inventory:

Hand Weapons
 a - a +0 war axe (weapon)
Missiles
 d - 2 throwing nets (quivered)
 p - 16 poisoned darts
Armour
 e - a +0 ring mail (worn)
 g - a +2 hat (worn)
Jewellery
 j - an amulet of regeneration (around neck)
 o - a ring of protection from fire (left hand)
 x - a ring of ice
Wands
 s - a wand of mindburst (10)
Scrolls
 f - a scroll of enchant weapon {unknown}
 i - 3 scrolls of fear {unknown}
 k - a scroll of vulnerability {unknown}
 l - a scroll of enchant armour {unknown}
 m - 2 scrolls of identify {unknown}
 n - a scroll of noise {unknown}
 r - a scroll of holy word {unknown}
 t - a scroll of teleportation {unknown}
 u - a scroll of blinking {unknown}
 y - a scroll of brand weapon {unknown}
Potions
 b - 2 potions of lignification {unknown}
 c - 3 potions of might {unknown}
 h - a potion of brilliance {unknown}
 q - a potion of resistance {unknown}
 v - a potion of flight {unknown}
 w - a potion of cancellation {unknown}


   Skills:
 + Level 3.3 Fighting
 + Level 3.7 Axes
 + Level 3.1 Throwing
 + Level 2.2 Armour
 + Level 3.6 Dodging


You had 5 spell levels left.
You didn't know any spells.
Your spell library was empty.

Dungeon Overview and Level Annotations

Branches:
Dungeon (4/15)             Temple (1/1) D:4

Altars:
Ashenzari
Dithmenos
Elyvilon
Fedhas
Hepliaklqana
Kikubaaqudgha
Makhleb
Nemelex Xobeh
Okawaru
Qazlal
Uskayaw
Zin

Shops:
D:3 :

Annotations:
D:4 Pikel


Innate Abilities, Weirdness & Mutations

You have a pair of horns on your head.
A meltable shield of frost defends you. (SH +0)
You have a small tail.
Your touch may inflict minor irresistible damage on your foes.


Message History

The lemure is moderately wounded.
You hit the lemure. The lemure hits you. x2
A lemure comes into view.
The lemure hits you but does no damage.
You hit the lemure but do no damage. Your headbutt misses the lemure.
Your tail-slap misses the lemure.
Your touch misses the lemure.
The lemure is moderately wounded.
You hit Pikel but do no damage. The lemure completely misses you.
You closely miss the lemure. Your touch misses the lemure.
The lemure is moderately wounded.
You barely miss Pikel.
Pikel says, "Hell isn't that bad."
Pikel hits you with a +0 whip of electrocution!
The lemure closely misses you.
Pikel zaps a wand.
The puff of flame hits you.
Your condensation shield dissipates!
You resist.
You miss the lemure.
The lemure is moderately wounded.
The lemure hits you!
You hit Pikel.
Pikel is lightly wounded.
You hit Pikel.
You touch Pikel.
Pikel is moderately wounded.
Pikel hits you with a +0 whip of electrocution.
You closely miss Pikel. You headbutt Pikel, but do no damage.
Pikel is moderately wounded.
Pikel completely misses you. Pikel misses you.
You hit Pikel.
Pikel is heavily wounded.
Pikel hits you with a +0 whip of electrocution.
You hit Pikel. Your touch misses Pikel.
Pikel is heavily wounded.
Pikel hits you with a +0 whip of electrocution!
You barely miss Pikel. Your headbutt misses Pikel.
Pikel is heavily wounded.
Pikel hits you but does no damage.
Pikel hits you with a +0 whip of electrocution.
* * * LOW HITPOINT WARNING * * *
You are electrocuted!!
You die...

............##...#
.###.........##...#
..........#####.
#≈#....".#
≈≈###....#####.
#..##......
#≈≈#....####
≈≈≈≈≈#.#### #.##
≈≈≈#≈≈#@# ...) ≈≈
≈≈ #K# ...#
≈#≈≈≈≈555# #
#≈≈###.5.# #.#
....# #.. ......
### #..##>## ##. .#
#. .# ###


You could see Pikel and 4 lemures.

Vanquished Creatures
  A sky beast (D:3)
  A bullfrog (D:3)
  Ijyb (D:4)
  A hound skeleton (D:4)
  3 adders
  3 gnolls (D:3)
  An adder skeleton (D:4)
  A worm (D:4)
  3 dart slugs
  2 orcs
  A bat zombie (D:3)
  2 endoplasms
  3 giant cockroaches
  3 goblins
  5 hobgoblins
  5 kobolds
  3 quokkas
  10 ball pythons
  4 bats
  3 frilled lizards
  6 rats
  2 rat zombies (D:3)
64 creatures vanquished.

Vanquished Creatures (others)
  A fungus (D:2)
  2 plants (D:2)
3 creatures vanquished.

Grand Total: 67 creatures vanquished

Notes
Turn   | Place    | Note
-------+----------+-------------------------------------------
     0 | D:1      | flotson the Demonspawn Gladiator began the quest for the
                  | Orb.
     0 | D:1      | Reached XP level 1. HP: 16/16 MP: 1/1
   599 | D:1      | Discovered your monstrous ancestry.
   599 | D:1      | Gained mutation: You have a pair of small horns on your
                  | head. [demonic ancestry]
   599 | D:1      | Reached XP level 2. HP: 22/22 MP: 2/2
  1106 | D:2      | Gained mutation: A meltable shield of frost defends you.
                  | (SH +0) [demonic ancestry]
  1106 | D:2      | Reached XP level 3. HP: 16/28 MP: 3/3
  1249 | D:2      | Reached skill level 1 in Armour
  1401 | D:2      | Found a faded altar of an unknown god.
  1930 | D:3      | Noticed a bullfrog
  1937 | D:3      | Noticed a sky beast
  1940 | D:3      | Killed a bullfrog
  1941 | D:3      | Gained mutation: Your touch may inflict minor irresistible
                  | damage on your foes. [demonic ancestry]
  1941 | D:3      | Reached XP level 4. HP: 28/34 MP: 4/4
  1994 | D:3      | Killed a sky beast
  1995 | D:3      | Gained mutation: You have a small tail. [demonic ancestry]
  1995 | D:3      | Reached XP level 5. HP: 23/41 MP: 5/5
  2131 | D:3      | Found a sparkling altar of Nemelex Xobeh.
  2171 | D:3      | Found a hazy altar of Hepliaklqana.
  2238 | D:3      | Found Ekuicwi's Book Shoppe.
  2282 | D:3      | Found an ancient bone altar of Kikubaaqudgha.
  2577 | D:4      | Noticed Ijyb
  2586 | D:4      | Killed Ijyb
  2587 | D:4      | Gained mutation: You have a pair of horns on your head.
                  | [demonic ancestry]
  2587 | D:4      | Reached XP level 6. HP: 43/47 MP: 6/6
  2739 | D:4      | Found a staircase to the Ecumenical Temple.
  2744 | Temple   | Entered the Ecumenical Temple
  3180 | D:4      | Noticed Pikel
  3192 | D:4      | Mangled by Pikel

Illustrated notes

Levels and vault maps discovered:
D:1:      dpeg_arrival_signposts, layout_loops_cross
D:2:      layout_basic, shapermc_ecumenical_altar_mp_ritualfount
D:3:      layout_basic, mainiacjoe_overflow_six_doors_small,
          nemelex_xobeh_ov_fountains_minmay, lemuel_zombie_altar_kikubaaqudgha,
          serial_shops, nicolae_shop_crystal, chequers_serial_rivers_large_a
D:4:      layout_loops_cross, cheibrodos_worm_habitat,
          minmay_temple_entry_drinking_statues, minivault_4, item_on_display_a,
          uniq_ijyb, uniq_pikel
Temple:   compressed_dpeg_triangle_lava_temple

Skill      XL: |  1  2  3  4  5 |
---------------+----------------+-----
Throwing       | 2 3 |  3.1
Axes           | 3 |  3.7
Armour         | 1 2 |  2.2
Dodging        | 3 |  3.6
Fighting       | 3 |  3.3

Action                   |  1- 3 |  4- 6 || total
-------------------------+-------+-------++-------
Melee: War axe           |    72 |    94 ||   166
       Headbutt          |     6 |    16 ||    22
       Touch             |       |    15 ||    15
       Punch             |       |     3 ||     3
       Tailslap          |       |     2 ||     2
Throw: Throwing net      |       |     1 ||     1
 Stab: Held in net/web   |       |     2 ||     2
Armor: Ring mail         |    32 |    31 ||    63
       Leather armour    |     4 |       ||     4
Dodge: Dodged            |    43 |    45 ||    88
Block: Other             |     6 |     9 ||    15

Table legend: (Time is in decaauts)
 A = Elapsed time spent in this place.
 B = Non-inter-level travel time spent in this place.
 C = Inter-level travel time spent in this place.
 D = Time resting spent in this place.
 E = Time spent auto-exploring this place.
 F = Levels seen in this place.
 G = Mean time per level.
                   A        B        C        D        E       F      G
               +--------+--------+--------+--------+--------+-----+--------+
         Total |   3255 |   3070 |    185 |      0 |   2583 |   5 |  651.0 |
       Dungeon |   2978 |   2810 |    168 |      0 |   2329 |   4 |  744.5 |
        Temple |    277 |    260 |     17 |      0 |    254 |   1 |  277.0 |
               +--------+--------+--------+--------+--------+-----+--------+

Top non-repeatable levels by time:
     D:3: 919 daAuts
     D:1: 907 daAuts
     D:2: 795 daAuts
     D:4: 356 daAuts
  Temple: 277 daAuts
